 Dungeon Sprint DCSS version 0.18.1-5-g4a78601 (webtiles) character file.

871 Hipnos the Covert (level 8, -4/46 HPs)
             Began as an Octopode Enchanter on May 14, 2016.
             Was a Believer of Jiyva.
             Slain by a demonic crawler (11 damage)
             ... in the Dungeon (Sprint I: "Red Sonja").
             The game lasted 00:03:53 (446 turns).

Hipnos the Covert (Octopode Enchanter)               Turns: 446, Time: 00:03:54

Health: -4/46      AC:  1    Str:  8    XL:     8   Next: 3%
Magic:  3/14       EV: 15    Int: 17    God:    Jiyva [**....]
Gold:   405        SH:  0    Dex: 14    Spells: 3 memorised, 9 levels left

rFire  . . .     SeeInvis .     a - +1 dagger
rCold  . . .     Gourm    .     (no shield)
rNeg   . . .     Faith    .     (helmet restricted)
rPois  .         Spirit   .     (no amulet)
rElec  .         Dismiss  .     l - ring of flight
rCorr  .         Reflect  .     (no ring)
SustAt .         Harm     .     (no ring)
MR     .....     NoTele   +     (no ring)
Stlth  +++++++...               (no ring)
                                (no ring)
                                (no ring)
                                (no ring)

@: not resistant to hostile enchantments, extremely stealthy
A: almost no armour, amphibious, 8 rings, constrict 8, camouflage 1, gelatinous
body 1
a: Request Jelly, Jelly Paralyse, Renounce Religion, Evoke Flight


You were in the Dungeon.
You worshipped Jiyva.
Jiyva was pleased with you.
You were not hungry.

You visited 1 branch You collected 405 gold pieces.

Inventory:

Hand Weapons
 a - a +1 dagger (weapon)
Jewellery
 l - a ring of flight (left tentacle)
Scrolls
 i - a scroll of blinking
 j - 3 scrolls of identify {unknown}
Potions
 d - 2 potions of curing
 e - a potion of heal wounds
 f - a potion of haste
 g - 2 potions of magic
Books
 b - a book of Maledictions

   Spells                             Type                      Level
   a - Corona                         Hexes                        1
   b - Ensorcelled Hibernation        Hexes/Ice                    2
   c - Confuse                        Hexes                        3
   d - Tukima's Dance                 Hexes                        3
   e - Dazzling Spray                 Conjuration/Hexes            3
Comestibles
 c - a bread ration
 k - a slice of pizza


   Skills:
 * Level 5.8 Short Blades
 * Level 5.9 Dodging
 * Level 14.1 Stealth
 + Level 4.4 Spellcasting
 * Level 10.5 Hexes
 + Level 1.0 Ice Magic


You had 9 spell levels left.
You knew the following spells:

 Your Spells              Type           Power        Failure   Level  Hunger
a - Corona                Hex            #####..      1%          1    None
b - Ensorcelled Hibernat  Hex/Ice        ###...       2%          2    ##.....
c - Confuse               Hex            #####...     1%          3    ###....


Dungeon Overview and Level Annotations

Branches:
Dungeon (1/1)

Altars:
Cheibriados
Dithmenos
Elyvilon
Fedhas
Gozag
Kikubaaqudgha
Makhleb
Nemelex Xobeh
Okawaru
Pakellas
Qazlal
Ru
Sif Muna
Trog
Vehumet
Xom
Yredelemnul
Zin
The Shining One
Jiyva

Shops:
D :


Innate Abilities, Weirdness & Mutations

You cannot wear most types of armour.
You are amphibious.
You can wear up to eight rings at the same time.
You can use your tentacles to constrict eight enemies at once.
Your skin changes colour to match your surroundings (Stealth).
Your rubbery body absorbs attacks (AC +1).


Message History

The kobold demonologist miscasts a cantrip.
The demonic crawler closely misses you. The demonic crawler hits you.
The demonic crawler barely misses you.
The kobold demonologist mumbles some strange words.
There is an open door here.
You hear a distant slurping noise.
The crimson imp blinks!
The demonic crawler hits you! The demonic crawler hits you.
* * * LOW HITPOINT WARNING * * *
The demonic crawler hits you.
* * * LOW HITPOINT WARNING * * *
There is an open door, spattered with blood here.
The kobold demonologist casts a spell.
The crimson imp shouts, "Scamper hence, thou fawning fat-kidneyed simpleton!"
The crimson imp blinks!
The demonic crawler closely misses you.
The demonic crawler barely misses you. x2
There is an open door here.
The crimson imp disappears in a puff of smoke!
The demonic crawler closely misses you. The demonic crawler hits you!
You die...

##########################
#<.#..'..#..'..#__#5s'...#
#..'..#..@s.#..5s.K..#)..#
#..#####'#####'#__####....
#..####..#...#.#### ####
#..#__####..##.#
#..#_.___##'#...
#⌠⌠#_.∩...'..._#
####_..._##_.#'#
#_____###+#.# ####### ###


You could see a demonic crawler.

Vanquished Creatures
  A kobold demonologist (D)
  A slime creature (D)
  Sigmund (D)
  A yak (D)
  An ogre (D)
  A jelly (D)
  Ijyb (D)
7 creatures vanquished.

Vanquished Creatures (others)
  A giant eyeball (D)
1 creature vanquished.

Grand Total: 8 creatures vanquished

Notes
Turn   | Place    | Note
--------------------------------------------------------------
     0 | D        | Hipnos the Octopode Enchanter began the quest for the Orb.
     0 | D        | Reached XP level 1. HP: 11/11 MP: 3/3
     1 | D        | Noticed Ijyb
     6 | D        | Killed Ijyb
     6 | D        | Reached skill level 5 in Stealth
     6 | D        | Reached XP level 2. HP: 15/17 MP: 5/5
     6 | D        | Reached XP level 3. HP: 19/21 MP: 6/6
   107 | D        | Learned a level 2 spell: Ensorcelled Hibernation
   111 | D        | Learned a level 3 spell: Confuse
   114 | D        | Noticed an ogre
   119 | D        | Killed an ogre
   119 | D        | Reached skill level 8 in Stealth
   119 | D        | Reached XP level 4. HP: 18/27 MP: 4/8
   214 | D        | Noticed Sigmund
   217 | D        | Killed Sigmund
   217 | D        | Reached skill level 10 in Stealth
   217 | D        | Reached XP level 5. HP: 31/31 MP: 8/10
   217 | D        | Reached XP level 6. HP: 36/36 MP: 8/11
   253 | D        | Found a deep blue altar of Sif Muna.
   255 | D        | Found a radiant altar of Vehumet.
   259 | D        | Reached skill level 11 in Stealth
   262 | D        | Found Tisch's Book Emporium.
   262 | D        | Found a white marble altar of Elyvilon.
   262 | D        | Found a stormy altar of Qazlal.
   262 | D        | Found a burning altar of Makhleb.
   262 | D        | Found a sacrificial altar of Ru.
   262 | D        | Found an oddly glowing altar of Pakellas.
   262 | D        | Found a basalt altar of Yredelemnul.
   262 | D        | Found a glowing golden altar of the Shining One.
   262 | D        | Found a sparkling altar of Nemelex Xobeh.
   262 | D        | Found a shimmering altar of Xom.
   262 | D        | Found an opulent altar of Gozag.
   262 | D        | Found an ancient bone altar of Kikubaaqudgha.
   262 | D        | Found a glowing silver altar of Zin.
   262 | D        | Noticed a yak
   263 | D        | Found an iron altar of Okawaru.
   268 | D        | Killed a yak
   268 | D        | Reached skill level 5 in Dodging
   268 | D        | Reached skill level 12 in Stealth
   270 | D        | Found a bloodstained altar of Trog.
   395 | D        | Found a snail-covered altar of Cheibriados.
   395 | D        | Found a viscous altar of Jiyva.
   395 | D        | Found a shadowy altar of Dithmenos.
   395 | D        | Found a blossoming altar of Fedhas.
   395 | D        | Noticed a slime creature
   398 | D        | Killed a slime creature
   398 | D        | Reached skill level 5 in Short Blades
   398 | D        | Reached skill level 13 in Stealth
   398 | D        | Reached XP level 7. HP: 41/41 MP: 11/13
   400 | D        | Became a worshipper of Jiyva Jekaoner the Shapeless
   407 | D        | Reached * piety under Jiyva
   427 | D        | Noticed a kobold demonologist
   428 | D        | Noticed a kobold demonologist
   429 | D        | Noticed a demonic crawler
   429 | D        | Noticed a demonic crawler
   429 | D        | Noticed a demonic crawler
   429 | D        | Noticed a demonic crawler
   430 | D        | Killed a kobold demonologist
   430 | D        | Reached skill level 14 in Stealth
   430 | D        | Reached skill level 10 in Hexes
   430 | D        | Reached skill level 1 in Ice Magic
   430 | D        | Reached XP level 8. HP: 46/46 MP: 11/14
   435 | D        | Reached ** piety under Jiyva
   446 | D        | Slain by a demonic crawler

Skill      XL: |  1  2  3  4  5  6  7 |
---------------+----------------------+-----
Dodging        | 3 4 5 |  5.9
Stealth        | 5 8 10 13 14 | 14.1
Hexes          | 4 6 8 9 10 | 10.5
Short Blades   | 3 4 5 |  5.8
Spellcasting   | 3 4 |  4.4
Ice Magic      | 1 |  1.0

Action                   |  1- 3 |  4- 6 |  7- 9 || total
-------------------------+-------+-------+-------++-------
Melee: Dagger            |     5 |     4 |     1 ||    10
       Constrict         |     1 |       |       ||     1
       Tentacles         |     1 |       |       ||     1
 Cast: Ensorcelled Hiber |     1 |     3 |     3 ||     7
       Confuse           |       |       |     2 ||     2
  Use: Potion            |     1 |       |       ||     1
 Stab: Sleeping          |     2 |     4 |     1 ||     7
Dodge: Dodged            |     2 |     2 |     8 ||    12
